[Event "*** Titled Tuesday 3|2 Blitz"]
[Site "Chess.com"]
[Date "2016.03.01"]
[Round "1"]
[White "ZEN-22"]
[Black "chessbia"]
[Result "1-0"]
[WhiteElo "2404"]
[BlackElo "2033"]
[TimeControl "180+2"]
[EndTime "11:32:28 PST"]
[Termination "ZEN-22 won by resignation"]

1. e4 e5 2. f4 exf4 3. Nf3 d5 4. exd5 Nf6 5. c4 Bg4 6. d4 c6 7. Bxf4 cxd5 8. Nc3 dxc4 9. Bxc4 Be7 10. Bxf7+ Kxf7 11. Ne5+ Kf8 12. Nxg4 Nxg4 13. Qxg4 Qxd4 14. Rd1 Qe4+ 15.
Nxe4 1-0

[Event "*** Titled Tuesday 3|2 Blitz"]
[Site "Chess.com"]
[Date "2016.03.01"]
[Round "1"]
[White "JustaTrickstar"]
[Black "Jahonas"]
[Result "1-0"]
[WhiteElo "2475"]
[BlackElo "2173"]
[TimeControl "180+2"]
[EndTime "11:32:35 PST"]
[Termination "JustaTrickstar won by resignation"]

1. d4 Nf6 2. c4 c6 3. Nf3 d5 4. Nc3 g6 5. Bg5 Bg7 6. e3 O-O 7. Be2 dxc4 8. Bxc4 b5 9. Be2 a6 10. O-O Bb7 11. b4 a5 12. a3 Na6 13. Qb3 Re8 14.
Ne5 Nd7 15. Nxf7 1-0

[Event "*** Titled Tuesday 3|2 Blitz"]
[Site "Chess.com"]
[Date "2016.03.01"]
[Round "1"]
[White "alturas_pacificas"]
[Black "bugsbunny444"]
[Result "1/2-1/2"]
[WhiteElo "2181"]
[BlackElo "2463"]
[TimeControl "180+2"]
[EndTime "11:34:20 PST"]
[Termination "Game drawn by repetition"]

1. d4 e6 2. Bf4 Nf6 3. e3 d5 4. Nd2 c5 5. c3 Nc6 6. Ngf3 Bd6 7. Bg3 O-O 8. Bd3 Qe7 9. Ne5 Nd7 10.
Nxd7 Qxd7 11. Bxd6 Qxd6 12. dxc5 Qxc5 13. Bxh7+ Kxh7 14. Qh5+ Kg8 15. Ne4 g6 16. Qg5 Qe7 17. Nf6+ Kg7 18. Nh5+ Kg8 19. Nf6+ Kg7 20. Nh5+ Kh7 21.
Nf6+ Kg7 22. Nh5+ Kh7 23. Nf6+ Kg7 24. Nh5+ Kh7 25. Nf6+ Kg7 1/2-1/2

[Event "*** Titled Tuesday 3|2 Blitz"]
[Site "Chess.com"]
[Date "2016.03.01"]
[Round "1"]
[White "AvitalBor"]
[Black "MinhGTrAn"]
[Result "0-1"]
[WhiteElo "2343"]
[BlackElo "2656"]
[TimeControl "180+2"]
[EndTime "11:34:48 PST"]
[Termination "MinhGTrAn won by resignation"]

1. Nf3 Nf6 2. c4 b6 3. d3 Bb7 4. e4 d6 5. Nc3 c5 6. g3 Nbd7 7.
h3 g6 8. Be3 Bg7 9. Bg2 a6 10.
O-O O-O 11. Re1 Rb8 12. Qc2 b5 13. cxb5 axb5 14. Nxb5 Bxe4 15. dxe4 Rxb5 16. Rad1 Qa5 17. b3 Rc8 18. Nd2 Ne5 19. Nc4 Nxc4 20. bxc4 Rb6 21.
Rb1 Nd7 22. Rxb6 Qxe1+ 23. Kh2 Nxb6 24. h4 Qb4 25. Bh3 Ra8 0-1

[Event "*** Titled Tuesday 3|2 Blitz"]
[Site "Chess.com"]
[Date "2016.03.01"]
[Round "1"]
[White "DagurR"]
[Black "Mischuk_D"]
[Result "0-1"]
[WhiteElo "2261"]
[BlackElo "2529"]
[TimeControl "180+2"]
[EndTime "11:34:53 PST"]
[Termination "Mischuk_D won by resignation"]

1. d4 Nf6 2. c4 g6 3. Nf3 Bg7 4.
g3 O-O 5. Bg2 d6 6. Nc3 Nbd7 7.
O-O e5 8. e4 c6 9. b3 exd4 10.
Nxd4 Re8 11. h3 Nc5 12. Re1 a5 13. Be3 Qc7 14. Bf4 Nfd7 15. Qd2 Ne5 16. Bxe5 Bxe5 17. f4 Bg7 18. Rad1 Qb6 19. Kh2 Bd7 20. Nc2 Rad8 21. Qe3 Bc8 22. Rb1 Qc7 23. a3 Bf5 24. e5 Bxc2 0-1

[Event "*** Titled Tuesday 3|2 Blitz"]
[Site "Chess.com"]
[Date "2016.03.01"]
[Round "1"]
[White "pedromartinez91"]
[Black "Yaacovn"]
[Result "0-1"]
[WhiteElo "2343"]
[BlackElo "2624"]
[TimeControl "180+2"]
[EndTime "11:35:01 PST"]
[Termination "Yaacovn won by resignation"]

1. e4 c6 2. c4 d5 3. exd5 Nf6 4. Nc3 cxd5 5. d4 e6 6. Nf3 Be7 7. Bd3 dxc4 8. Bxc4 O-O 9. O-O Nc6 10. Bg5 b6 11. Bxf6 Bxf6 12. d5 Na5 13. Bb3 Nxb3 14.
axb3 Bxc3 15. bxc3 Qxd5 16. Qxd5 exd5 17. Nd4 Bd7 18. Rfe1 Rfe8 19. f3 Rxe1+ 20. Rxe1 Kf8 21. Kf2 a5 22. Ke3 Re8+ 23. Kd2 Rxe1 24. Kxe1 Ke7 25. Kd2 Kd6 26. g4 g5 27. h3 b5 28. b4 a4 29.
Nc2 f5 30. Ke3 Ke5 31. gxf5 Bxf5 32. Na3 Bd7 33. Nc2 Bxh3 34. Na3 Bd7 35. Nc2 h5 36. Ne1 a3 37. Nd3+ Kd6 38. Nc5 a2 39. Nb3 Ke5 40. Na1 h4 41. Nc2 h3 42. Kf2 g4 43. fxg4 Bxg4 44.
Kg3 Bf5 45. Na1 d4 46. cxd4+ Kxd4 47. Nb3+ Kc3 48. Na1 Kb2 0-1

[Event "*** Titled Tuesday 3|2 Blitz"]
[Site "Chess.com"]
[Date "2016.03.01"]
[Round "1"]
[White "Iwannabetheguy"]
[Black "Danirod"]
[Result "0-1"]
[WhiteElo "2005"]
[BlackElo "2389"]
[TimeControl "180+2"]
[EndTime "11:35:03 PST"]
[Termination "Danirod won by checkmate"]

1. e4 c5 2. Nf3 g6 3. d4 cxd4 4. Nxd4 Bg7 5. Nc3 Nc6 6. Be3 Nf6 7. Bc4 Qa5 8. O-O O-O 9. Nd5 Nxd5 10. exd5 Nxd4 11.
Bxd4 e5 12. dxe6 dxe6 13. Bxg7 Kxg7 14. Qd4+ e5 15. Qd5 Qxd5 16. Bxd5 Bf5 17. c4 Rac8 18. b4 b6 19. Rac1 Rfd8 20. h4 Bd3 21. Rfe1 f6 22.
f4 exf4 23. Re7+ Kh6 24. Rxa7 Rxd5 25. cxd5 Rxc1+ 26. Kh2 Be4 27. d6 Rd1 28. d7 Rd2 29. Rc7 Rxg2+ 30. Kh3 Rd2 31. a4 Bf5# 0-1

[Event "*** Titled Tuesday 3|2 Blitz"]
[Site "Chess.com"]
[Date "2016.03.01"]
[Round "1"]
[White "chorejason"]
[Black "maciek_92"]
[Result "0-1"]
[WhiteElo "2086"]
[BlackElo "2408"]
[TimeControl "180+2"]
[EndTime "11:35:13 PST"]
[Termination "maciek_92 won by resignation"]

1. e4 c5 2. Nf3 e6 3. d3 Nc6 4.
g3 e5 5. Bg2 d6 6. O-O Be7 7.
Nbd2 Nf6 8. Ne1 d5 9. f4 Bg4 10. Bf3 Bh3 11. Bg2 Bxg2 12. Nxg2 dxe4 13. dxe4 Qd4+ 14.
Kh1 Nxe4 15. Nxe4 Qxe4 16. fxe5 Rd8 17. Qh5 O-O 18. Bf4 Qxc2 19. Rae1 Nd4 20. h3 Qg6 21.
Qxg6 hxg6 22. Ne3 g5 0-1

[Event "*** Titled Tuesday 3|2 Blitz"]
[Site "Chess.com"]
[Date "2016.03.01"]
[Round "1"]
[White "Boryboy"]
[Black "jcgs1030"]
[Result "0-1"]
[WhiteElo "2476"]
[BlackElo "2243"]
[TimeControl "180+2"]
[EndTime "11:35:40 PST"]
[Termination "jcgs1030 won by resignation"]

1. d4 Nf6 2. Nf3 g6 3. g3 Bg7 4.
Bg2 O-O 5. O-O c5 6. c3 d6 7. dxc5 dxc5 8. Na3 Nc6 9. Be3 b6 10. Qxd8 Nxd8 11. Rfd1 Bb7 12. Bf4 Ne6 13. Be3 Rad8 14.
Nc4 Ba6 15. Nfe5 Ng4 16. Nxg4 Bxc4 17. Nh6+ Kh8 18. Re1 f5 19. Bc1 g5 20. h4 Bxh6 21.
b4 Bg7 0-1

[Event "*** Titled Tuesday 3|2 Blitz"]
[Site "Chess.com"]
[Date "2016.03.01"]
[Round "1"]
[White "AndreyOstrovskiy"]
[Black "Rickstereo"]
[Result "1-0"]
[WhiteElo "2467"]
[BlackElo "2168"]
[TimeControl "180+2"]
[EndTime "11:36:06 PST"]
[Termination "AndreyOstrovskiy won by resignation"]

1. e4 c5 2. Nf3 Nc6 3. d4 cxd4 4. Nxd4 Nf6 5. Nc3 e5 6. Ndb5 d6 7. Bg5 a6 8. Na3 b5 9. Nd5 Be7 10. Bxf6 Bxf6 11. c4 b4 12. Nc2 a5 13. Qf3 Bg5 14. h4 Bh6 15. g4 Bf4 16. Nxf4 Qf6 17. O-O-O exf4 18. g5 Qe7 19. e5 Bb7 20. exd6 Qd7 21. Bh3 1-0

[Event "*** Titled Tuesday 3|2 Blitz"]
[Site "Chess.com"]
[Date "2016.03.01"]
[Round "1"]
[White "SmarterChess"]
[Black "VovAn1991"]
[Result "0-1"]
[WhiteElo "2142"]
[BlackElo "2468"]
[TimeControl "180+2"]
[EndTime "11:36:35 PST"]
[Termination "VovAn1991 won by resignation"]

1. d4 f5 2. c4 Nf6 3. Nf3 g6 4.
g3 Bg7 5. Bg2 O-O 6. O-O d6 7.
b3 c6 8. Bb2 Nbd7 9. Nbd2 Qe8 10. Qc2 e5 11. dxe5 dxe5 12. e4 f4 13. c5 Qe7 14. b4 Nh5 15. Nc4 g5 16. g4 Nhf6 17.
Ncxe5 Nxe5 18. Nxe5 Nxg4 19. Nxg4 Bxg4 20. f3 Be6 21.
Rad1 Rad8 22. Rxd8 Rxd8 23. Rd1 Rxd1+ 24. Qxd1 Bxb2 25.
Qb1 Be5 26. a4 Qd7 27. Qc2 Qd4+ 28. Kh1 Qxb4 29. Bf1 Qb3 30. Qg2 h6 31. h4 Bf6 32.
hxg5 hxg5 33. e5 Be7 34. Qe2 Bd5 35. Bg2 g4 36. fxg4 f3 37. Bxf3 Bxf3+ 0-1

[Event "*** Titled Tuesday 3|2 Blitz"]
[Site "Chess.com"]
[Date "2016.03.01"]
[Round "1"]
[White "AndrewMcStone"]
[Black "chessdude"]
[Result "0-1"]
[WhiteElo "1956"]
[BlackElo "2369"]
[TimeControl "180+2"]
[EndTime "11:36:37 PST"]
[Termination "chessdude won by resignation"]

1. d4 Nf6 2. c4 e6 3. Nc3 Bb4 4.
f3 c5 5. d5 b5 6. e4 O-O 7. Bg5 h6 8. Bh4 exd5 9. cxd5 d6 10. Bxb5 Qa5 11. Bxf6 Qxb5 12. Be7 Re8 13. Bxd6 Bxc3+ 14.
bxc3 Ba6 15. Ne2 f5 16. e5 Nd7 17. e6 Nf6 18. Rb1 Qc4 19. Nf4 Rad8 20. Be5 Nxd5 21. Nxd5 Rxd5 0-1

[Event "*** Titled Tuesday 3|2 Blitz"]
[Site "Chess.com"]
[Date "2016.03.01"]
[Round "1"]
[White "dcremisi"]
[Black "AndroQueen"]
[Result "0-1"]
[WhiteElo "2265"]
[BlackElo "2530"]
[TimeControl "180+2"]
[EndTime "11:36:40 PST"]
[Termination "AndroQueen won by resignation"]

1. d3 d5 2. Nf3 Nc6 3. c4 d4 4.
g3 e5 5. Bg2 Nf6 6. O-O Be7 7.
a3 a5 8. b3 O-O 9. Bb2 Re8 10. e3 dxe3 11. fxe3 Ng4 12. Qe2 e4 13. dxe4 Bc5 14. Kh1 Nxe3 15. Re1 Bg4 16. Nc3 Ne5 17. Nd5 Nxg2 18. Bxe5 Nxe1 19. Bxc7 Bxf3+ 20. Qxf3 Nxf3 21.
Bxd8 Raxd8 22. b4 axb4 23. axb4 Bf8 24. Ra7 Rxe4 25. Rxb7 Rxd5 26. cxd5 Rxb4 27. Rxb4 Bxb4 28. Kg2 Ne5 29. Kf2 Bd6 30. Ke3 f5 31. Kf4 g6 32.
Kg5 Kf7 33. h4 Ng4 34. h5 h6+ 35. Kh4 g5+ 36. Kh3 Nf6 37. Kg2 Nxd5 38. Kf3 Ke6 39. g4 fxg4+ 40. Kxg4 Nf6+ 41. Kf3 Nxh5 42. Kg4 Ng7 43.
Kf3 Kf6 44. Kg2 h5 45. Kh3 Kg6 46. Kg2 g4 47. Kg1 h4 48. Kg2 h3+ 49. Kg1 Ne6 50. Kh1 Ng5 51. Kg1 g3 52. Kh1 g2+ 53. Kg1 Nf3+ 54.
Kf2 g1=Q+ 55. Kxf3 h2 56. Ke4 0-1

[Event "*** Titled Tuesday 3|2 Blitz"]
[Site "Chess.com"]
[Date "2016.03.01"]
[Round "1"]
[White "jk13"]
[Black "evgenyermolaev"]
[Result "0-1"]
[WhiteElo "2330"]
[BlackElo "2034"]
[TimeControl "180+2"]
[EndTime "11:36:49 PST"]
[Termination "evgenyermolaev won by checkmate"]

1. e4 c5 2. c3 g6 3. Nf3 Bg7 4. d4 cxd4 5. cxd4 d5 6. e5 Nc6 7. Nc3 Bg4 8. Bb5 e6 9. Bxc6+ bxc6 10. O-O Ne7 11. h3 Bxf3 12. Qxf3 O-O 13. Na4 Nf5 14. Qd3 Qa5 15. b3 f6 16. Bd2 Qc7 17. f4 fxe5 18.
fxe5 Rf7 19. Rac1 Raf8 20. Bb4 Ne7 21. Rxf7 Rxf7 22. Bd6 Qc8 23. Bc5 Bh6 24. Rf1 Rxf1+ 25. Qxf1 Nf5 26. Qd3 Qb7 27. g4 Ne3 28. Qe2 Qf7 29.
Qf2 Bf4 30. Bd6 Bh2+ 31. Qxh2 Qf1# 0-1

[Event "*** Titled Tuesday 3|2 Blitz"]
[Site "Chess.com"]
[Date "2016.03.01"]
[Round "1"]
[White "MITerryble"]
[Black "lionheart95"]
[Result "1-0"]
[WhiteElo "2628"]
[BlackElo "2342"]
[TimeControl "180+2"]
[EndTime "11:37:12 PST"]
[Termination "MITerryble won by resignation"]

1. d4 Nf6 2. Nf3 g6 3. Bg5 Bg7 4. Nbd2 d5 5. c3 O-O 6. e3 Bf5 7. Qb3 b6 8. a4 a5 9. Be2 Nbd7 10. Bb5 h6 11. Bh4 g5 12. Bg3 c5 13. Bc6 c4 14.
Qb5 Rc8 15. Bxd5 Nxd5 16. Qxd5 Bd3 17. Qb5 e6 18. b3 Nf6 19. Ne5 Nd5 20. bxc4 Bxe5 21.
Bxe5 Nf6 22. f3 Nd7 23. Bd6 Re8 24. Kf2 e5 25. Rhe1 Qf6 26. Qxd7 Rcd8 27. Bxe5 Qxe5 28. Qxd8 1-0

[Event "*** Titled Tuesday 3|2 Blitz"]
[Site "Chess.com"]
[Date "2016.03.01"]
[Round "1"]
[White "KamilPlichta"]
[Black "Andrejkin"]
[Result "1-0"]
[WhiteElo "2438"]
[BlackElo "2123"]
[TimeControl "180+2"]
[EndTime "11:37:28 PST"]
[Termination "KamilPlichta won by resignation"]

1. g3 d5 2. Bg2 c6 3. Nf3 Nf6 4.
O-O g6 5. d3 Bg7 6. Nbd2 O-O 7.
e4 dxe4 8. dxe4 Bg4 9. h3 Bxf3 10. Qxf3 Nbd7 11. Qe2 e5 12. b3 Qe7 13. Bb2 Rad8 14. a4 Rfe8 15. a5 Nc5 16. Nc4 Nfd7 17. h4 Ne6 18. c3 Ndc5 19. b4 Nd3 20. Ba3 Nef4 21. gxf4 Qxh4 22. Rad1 Nxf4 23. Qf3 Qg5 24. Bc1 Qh4 25.
Rxd8 Rxd8 26. Rd1 Nxg2 27. Rxd8+ Qxd8 28. Kxg2 h5 29. Qe2 Qh4 30. f3 Bf6 31. Be3 Bg5 32. Qf2 Qxf2+ 33. Bxf2 f6 34. Bxa7 Kf7 35. Nd6+ Ke6 36.
Nxb7 Bd2 37. a6 Bxc3 38. Bc5 1-0

[Event "*** Titled Tuesday 3|2 Blitz"]
[Site "Chess.com"]
[Date "2016.03.01"]
[Round "1"]
[White "FrankieJay"]
[Black "jcibarra"]
[Result "0-1"]
[WhiteElo "2206"]
[BlackElo "2479"]
[TimeControl "180+2"]
[EndTime "11:37:38 PST"]
[Termination "jcibarra won on time"]

1. e4 c5 2. Nf3 e6 3. d4 cxd4 4. Nxd4 a6 5. Nc3 b5 6. Bd3 Qb6 7. Nb3 Qc7 8. O-O Bb7 9. a3 Nf6 10.
Qd2 d6 11. Qg5 Nbd7 12. f4 g6 13. f5 gxf5 14. Kh1 Rg8 15. Qh4 fxe4 16. Nxe4 Bxe4 17. Bxe4 Rg4 18. Qxg4 Nxg4 19. Bxa8 Qa7 20. h3 Qxa8 21. hxg4 Qe4 22. Bf4 Qxc2 23. Nd2 Qxb2 24. Rac1 Nc5 0-1

[Event "*** Titled Tuesday 3|2 Blitz"]
[Site "Chess.com"]
[Date "2016.03.01"]
[Round "1"]
[White "Quiet_Desperation"]
[Black "SabinoBrunello"]
[Result "0-1"]
[WhiteElo "2255"]
[BlackElo "2566"]
[TimeControl "180+2"]
[EndTime "11:38:09 PST"]
[Termination "SabinoBrunello won by resignation"]

1. e4 e5 2. Nf3 Nc6 3. Bb5 a6 4. Ba4 Nf6 5. d3 b5 6. Bb3 Be7 7. c3 O-O 8. O-O d5 9. Qe2 Bb7 10. Rd1 Qd6 11. Nbd2 Rad8 12. Nf1 Rfe8 13. Ng3 g6 14. Bg5 Na5 15. Bc2 Nd7 16. Bxe7 Rxe7 17. a4 b4 18. exd5 Bxd5 19. Ne4 Qb6 20. Rac1 Rde8 21.
c4 Bb7 22. b3 Bxe4 23. Qxe4 Nc5 24. Qh4 Kg7 25. d4 exd4 26. Qxd4+ f6 27. h3 Ncxb3 28. Qxb6 cxb6 29. Bxb3 Nxb3 30. Rb1 Nc5 31. Rxb4 Rb7 32. Rd6 Reb8 33. Nd4 a5 34. Rb3 Nxb3 35. Nxb3 Rc8 36. Nd2 Kf7 37. f4 Ke7 38. Rd4 Rd7 39. Re4+ Kf7 40.
Nf3 Re8 41. Rxe8 Kxe8 0-1

[Event "*** Titled Tuesday 3|2 Blitz"]
[Site "Chess.com"]
[Date "2016.03.01"]
[Round "1"]
[White "Paralinch"]
[Black "petrpalachev"]
[Result "1-0"]
[WhiteElo "2559"]
[BlackElo "2273"]
[TimeControl "180+2"]
[EndTime "11:38:13 PST"]
[Termination "Paralinch won by checkmate"]

1. e4 e6 2. d4 d5 3. Nc3 Nf6 4. Bg5 dxe4 5. Nxe4 Be7 6. Bxf6 Bxf6 7. Nf3 O-O 8. Qd2 b6 9. O-O-O Bb7 10. Bd3 Nd7 11.
h4 c5 12. dxc5 Nxc5 13. Nxc5 bxc5 14. Ng5 g6 15. Kb1 Qb6 16. c3 c4 17. Bxc4 Rac8 18.
Bb3 a5 19. h5 a4 20. Nxh7 Bg7 21. h6 Be5 22. Nxf8 axb3 23. h7+ Kh8 24. axb3 Be4+ 25. Kc1 Qxb3 26. Nxg6+ Kg7 27. Nxe5 Rxc3+ 28. Qxc3 Qa2 29.
h8=Q# 1-0

[Event "*** Titled Tuesday 3|2 Blitz"]
[Site "Chess.com"]
[Date "2016.03.01"]
[Round "1"]
[White "StellarChessPro"]
[Black "Saitama_Hero"]
[Result "1-0"]
[WhiteElo "2406"]
[BlackElo "2073"]
[TimeControl "180+2"]
[EndTime "11:38:29 PST"]
[Termination "StellarChessPro won by resignation"]

1. d4 Nf6 2. Bg5 d5 3. Bxf6 exf6 4. e3 Bd6 5. c4 dxc4 6. Bxc4 O-O 7. Ne2 b6 8. O-O Bb7 9. Nbc3 Nd7 10. h3 a6 11.
Bd5 c6 12. Bf3 b5 13. Rc1 f5 14. e4 fxe4 15. Nxe4 Be7 16. N4g3 Qb6 17. Nf5 Bg5 18. Rc2 Rad8 19. Nd6 Ba8 20. Ne4 Be7 21. Qc1 Rc8 22. Rd1 Rfd8 23. a3 Nf8 24. Nc5 Nd7 25. b4 Nf6 26.
Qe3 Re8 27. Qb3 a5 28. Rdc1 axb4 29. axb4 g6 30. Ra1 Nd5 31. Bxd5 cxd5 32. Rca2 Bc6 33.
Ra6 Qd8 34. Qd3 Bxc5 35. dxc5 d4 36. Nf4 Qg5 37. Qg3 Qxg3 38. fxg3 g5 39. Nh5 Re2 40. Rxc6 1-0

[Event "*** Titled Tuesday 3|2 Blitz"]
[Site "Chess.com"]
[Date "2016.03.01"]
[Round "1"]
[White "Cecile_Haussernot"]
[Black "dretch"]
[Result "0-1"]
[WhiteElo "2175"]
[BlackElo "2479"]
[TimeControl "180+2"]
[EndTime "11:38:31 PST"]
[Termination "dretch won by resignation"]

1. e4 e6 2. d4 d5 3. Nc3 Nf6 4. e5 Nfd7 5. f4 c5 6. Nf3 Nc6 7.
Be3 cxd4 8. Nxd4 Bc5 9. Qd2 O-O 10. Be2 a6 11. Nxc6 bxc6 12. h4 Rb8 13. Rb1 Qb6 14. Bxc5 Qxc5 15. h5 f6 16. Bg4 fxe5 17. Bxe6+ Kh8 18. h6 Qe7 19. hxg7+ Qxg7 20. f5 Nf6 21.
Bxc8 Rbxc8 22. Nd1 Ne4 23. Qh6 Qg3+ 24. Ke2 Qxg2+ 25.
Kd3 Nc5+ 26. Kc3 d4+ 27. Kb4 Rf7 28. Qd6 Qxh1 29. Qxe5+ Rg7 30. Qxc5 Qd5 31. Qxd5 cxd5 32. Nf2 Rb7+ 33. Ka3 Rxc2 34. Nd3 Rc3+ 35. bxc3 Rxb1 36.
cxd4 Rd1 37. Nc5 h5 38. Ne6 h4 39. f6 Rf1 0-1

[Event "*** Titled Tuesday 3|2 Blitz"]
[Site "Chess.com"]
[Date "2016.03.01"]
[Round "1"]
[White "Goala"]
[Black "kleinebeer98"]
[Result "0-1"]
[WhiteElo "2217"]
[BlackElo "2506"]
[TimeControl "180+2"]
[EndTime "11:38:48 PST"]
[Termination "kleinebeer98 won on time"]

1. d4 Nf6 2. c4 c6 3. Nc3 d5 4. e3 g6 5. Nf3 Bg7 6. Be2 O-O 7. O-O dxc4 8. Bxc4 Nbd7 9. Re1 b5 10.
Bb3 a6 11. e4 Nb6 12. h3 Bb7 13. e5 Nfd5 14. Ne4 Qc7 15. Nc5 e6 16. Ng5 Nd7 17.
Nge4 Nxc5 18. Nxc5 a5 19. Bg5 a4 20. Bxd5 cxd5 21.
Rc1 Bc6 22. Qg4 Rfc8 23. Qh4 b4 24. Bf6 Bf8 25. Qg4 a3 26. b3 Qb6 27. Nxe6 Bd7 28.
Rxc8 Rxc8 29. Nxf8 Bxg4 30. Nxg6 hxg6 31. hxg4 Qxd4 32.
Re3 Qxg4 33. Rh3 Qxh3 34. gxh3 Rc2 35. Be7 Rxa2 36. Bxb4 Ra1+ 37. Kg2 a2 38. Bc3 Rc1 39. Bb2 a1=Q 40. Bxa1 Rxa1 41. e6 fxe6 0-1

[Event "*** Titled Tuesday 3|2 Blitz"]
[Site "Chess.com"]
[Date "2016.03.01"]
[Round "1"]
[White "GrigorGrigorov"]
[Black "MattyDPerrine"]
[Result "1-0"]
[WhiteElo "2516"]
[BlackElo "2219"]
[TimeControl "180+2"]
[EndTime "11:38:59 PST"]
[Termination "GrigorGrigorov won on time"]

1. d4 Nf6 2. c4 c5 3. d5 e6 4. Nc3 exd5 5. cxd5 d6 6. Nf3 a6 7. a4 g6 8. Bf4 Bg7 9. e4 Bg4 10. Be2 Bxf3 11. Bxf3 O-O 12. O-O Qb6 13. Qd2 Re8 14. Rfe1 Nbd7 15. a5 Qc7 16. Ra4 Rac8 17. Be2 Ne5 18. Bf1 Nfd7 19. Bg3 c4 20. h3 Nd3 21.
Bxd3 cxd3 22. Ra3 Qc4 23. Bxd6 Nf6 24. e5 Nxd5 25. Nxd5 Qxd5 26. Rxd3 Qb5 27. Rd5 Qb3 28. Rd3 Qb5 29. f4 Rc4 30. Ba3 Qc6 31. Rd6 Qc8 32.
Rd7 Qc6 33. Rd8 Bh6 34. Qd5 1-0

[Event "*** Titled Tuesday 3|2 Blitz"]
[Site "Chess.com"]
[Date "2016.03.01"]
[Round "1"]
[White "Gevorg_Harutjunyan"]
[Black "GianmarcoVaR"]
[Result "1-0"]
[WhiteElo "2612"]
[BlackElo "2341"]
[TimeControl "180+2"]
[EndTime "11:39:01 PST"]
[Termination "Gevorg_Harutjunyan won by resignation"]

1. e4 c6 2. d4 d5 3. e5 Bf5 4. Nf3 e6 5. Be2 Nd7 6. O-O h5 7. b3 Nh6 8. c4 a6 9. Nc3 b5 10. Bg5 f6 11. exf6 gxf6 12. Bf4 Bb4 13. Rc1 Qa5 14.
Qd2 Nf7 15. cxd5 cxd5 16. Qe3 Ba3 17. Nxd5 Bxc1 18. Rxc1 Kf8 19. Nc7 Rd8 20. Nxe6+ Bxe6 21. Bc7 Qa3 22. Bxd8 Nxd8 23. Nh4 Qd6 24. Ng6+ Kg7 25.
Nxh8 Kxh8 26. Bxh5 Kg7 27. Bf3 Nb6 28. h4 Nf7 29.
Rc6 Nd5 30. Qxe6 Qxe6 31. Rxe6 Nb4 32. a3 Nc2 33. d5 Ne5 34. d6 Kf8 35. Rxf6+ Ke8 1-0

[Event "*** Titled Tuesday 3|2 Blitz"]
[Site "Chess.com"]
[Date "2016.03.01"]
[Round "1"]
[White "Grootneus"]
[Black "viditchess"]
[Result "0-1"]
[WhiteElo "2038"]
[BlackElo "2410"]
[TimeControl "180+2"]
[EndTime "11:39:07 PST"]
[Termination "viditchess won by checkmate"]

1. e4 e6 2. d4 d5 3. Nc3 Nf6 4. Bg5 dxe4 5. Nxe4 Be7 6. Bxf6 gxf6 7. Nf3 f5 8. Ned2 c5 9. dxc5 Bxc5 10. Bd3 Nc6 11. Qe2 Qf6 12. O-O-O Bd7 13. Nb3 Bb6 14. Nfd2 Ne5 15.
Bb5 O-O-O 16. f4 Ng4 17. Nc4 Bxb5 18. Nxb6+ axb6 19. Qxb5 Ne3 20. Rxd8+ Rxd8 21. g3 Rd5 22. Qa4 Qe7 23. Re1 Qd6 24. Qa8+ Kc7 25. Nd2 Rxd2 26. b3 Rd1+ 27. Rxd1 Qxd1+ 28. Kb2 Qxc2+ 29. Ka3 Qc3 30. Qe8 Nc2+ 31. Ka4 Qb4# 0-1

[Event "*** Titled Tuesday 3|2 Blitz"]
[Site "Chess.com"]
[Date "2016.03.01"]
[Round "1"]
[White "Dlugy"]
[Black "oskariot"]
[Result "1-0"]
[WhiteElo "2591"]
[BlackElo "2309"]
[TimeControl "180+2"]
[EndTime "11:39:22 PST"]
[Termination "Dlugy won by checkmate"]

1. d4 Nf6 2. Bf4 g6 3. Nc3 Bg7 4. e4 d6 5. Qd2 Nbd7 6. Bh6 Bxh6 7. Qxh6 c5 8. Nf3 cxd4 9. Nxd4 Qa5 10. O-O-O a6 11. f3 Ne5 12. Kb1 Bd7 13. Be2 O-O-O 14. Qd2 Kb8 15. f4 Nc6 16. Nb3 Qb6 17. Rhe1 Be6 18. Bf3 Na5 19. Nd5 Nxb3 20. axb3 Bxd5 21. exd5 Rhe8 22. Re3 e5 23. dxe6 Rxe6 24. Rxe6 fxe6 25.
Qc3 Rf8 26. Re1 Nd5 27. Bxd5 exd5 28. g3 d4 29. Qd3 Qc5 30. Re4 d5 31. Rxd4 Re8 32.
Rxd5 Re1+ 33. Ka2 Qg1 34. Rd8+ Ka7 35. b4 Ra1+ 36. Kb3 Re1 37. c3 Qb6 38. Rd6 Qc7 39.
Qd4+ Kb8 40. Rd8+ Qc8 41. Qd6+ Ka7 42. Rxc8 b5 43. Qc7# 1-0

[Event "*** Titled Tuesday 3|2 Blitz"]
[Site "Chess.com"]
[Date "2016.03.01"]
[Round "1"]
[White "arnacman"]
[Black "LuckyTiger"]
[Result "0-1"]
[WhiteElo "2304"]
[BlackElo "2575"]
[TimeControl "180+2"]
[EndTime "11:39:24 PST"]
[Termination "LuckyTiger won by resignation"]

1. e4 c5 2. Nf3 d6 3. d4 Nf6 4. Nc3 cxd4 5. Nxd4 a6 6. h3 e5 7.
Nde2 h5 8. Bg5 Be6 9. Ng3 g6 10. Qf3 Nbd7 11. O-O-O Rc8 12. Kb1 b5 13. Nd5 Bxd5 14.
exd5 Be7 15. Bd3 h4 16. Bxf6 Nxf6 17. Ne4 Nh5 18. Qe3 f5 19. Nc3 Rxc3 20. bxc3 Qc7 21.
Be2 Nf4 22. g3 Nxe2 23. Qxe2 Qxc3 24. Rd3 Qc4 25. g4 e4 26. Re3 Qd4 27. Rd1 Qe5 28. gxf5 gxf5 29. f3 Bf6 30. c3 Bg5 31. fxe4 Bxe3 32.
Qxe3 Qxe4+ 33. Qxe4+ fxe4 34. Re1 Rh5 35. Rxe4+ Kd7 36.
Rd4 Kc7 37. Kc2 Kb6 38. Kb3 Kc5 39. a4 Rh8 40. axb5 axb5 41. Kc2 Rh7 42. Kd3 Rh5 43. Ke4 Re5+ 44. Kd3 Rxd5 45. Rxd5+ Kxd5 46. Ke3 Kc4 47. Kd2 d5 48. Kc2 d4 49. cxd4 Kxd4 0-1

[Event "*** Titled Tuesday 3|2 Blitz"]
[Site "Chess.com"]
[Date "2016.03.01"]
[Round "1"]
[White "MateusViageiro"]
[Black "E-Shaposhnikov"]
[Result "0-1"]
[WhiteElo "2215"]
[BlackElo "2493"]
[TimeControl "180+2"]
[EndTime "11:39:24 PST"]
[Termination "E-Shaposhnikov won by resignation"]

1. e4 c5 2. Nf3 e6 3. d4 cxd4 4. Nxd4 a6 5. Bd3 Ne7 6. O-O Nbc6 7. Nxc6 Nxc6 8. f4 Bc5+ 9. Kh1 d6 10. Qf3 h5 11.
Be3 Qb6 12. Bxc5 Qxc5 13. Nc3 b5 14. e5 d5 15. Qg3 g6 16. Rad1 Bb7 17. f5 gxf5 18.
Bxf5 h4 19. Qg7 Qf8 20. Qxf8+ Rxf8 21. Bh3 Nxe5 22. a4 b4 23. Ne2 Rc8 24. Nd4 Nc6 25. Nb3 Ne7 26. Rd2 Bc6 27. a5 Ng6 28. Nd4 Bd7 29.
Re1 Nf4 30. Nf5 Kd8 31. Nxh4 Nxh3 32. gxh3 Rh8 33. Nf3 Ke7 34. h4 Kd6 35. Ne5 Be8 36. Rf2 Rxh4 37. Nxf7+ Bxf7 38. Rxf7 Rxc2 39. Rf6 Rcxh2+ 40.
Kg1 Rh1+ 41. Kf2 R4h2+ 42. Kg3 Rxe1 43. Kxh2 Re2+ 44. Kg3 Rxb2 0-1

[Event "*** Titled Tuesday 3|2 Blitz"]
[Site "Chess.com"]
[Date "2016.03.01"]
[Round "1"]
[White "Izoria123"]
[Black "Journey_to_GrandMaster_YT"]
[Result "1-0"]
[WhiteElo "2544"]
[BlackElo "2267"]
[TimeControl "180+2"]
[EndTime "11:39:32 PST"]
[Termination "Izoria123 won by resignation"]

1. d4 Nf6 2. c4 g6 3. Nf3 Bg7 4.
g3 O-O 5. Bg2 d6 6. O-O Nc6 7.
d5 Na5 8. Qa4 c5 9. Bd2 b6 10.
Bc3 Bd7 11. Qc2 b5 12. cxb5 Bxb5 13. Na3 Ba6 14. Rfd1 Nd7 15. Bxg7 Kxg7 16. Qc3+ f6 17. Ng5 Kg8 18. Ne6 Qb6 19. Nxf8 Kxf8 20. Rd2 Rb8 21.
b3 Ne5 22. Rc1 h5 23. h3 h4 24. g4 g5 25. Nc2 Nb7 26. Ne3 Nd8 27. Nf5 Ndf7 28.
e3 Ng6 29. Be4 Nfe5 30. Kg2 Bc8 31. f3 Qa6 32. Rf2 Rb4 33. Qc2 Bb7 34. Rd1 c4 35. Rd4 cxb3 36. axb3 Rb6 37. Ra4 Qb5 38. Rxa7 Qxb3 39.
Qxb3 Rxb3 40. Rc2 Nd7 41. Nxd6 exd6 42. Bxg6 Rxe3 43. Bf5 Nc5 44. Rxc5 dxc5 45. Rxb7 c4 46. d6 Re2+ 47. Kf1 Rd2 48. Rb8+ Kf7 49. d7 Ke7 50.
Re8+ Kf7 51. d8=Q 1-0